 Dungeon Crawl Stone Soup version 0.23.2-1-ga50397a (webtiles) character file.

Game seed: 15340591412221194669

81 kae the Changer (level 4, -1/48 HPs)
             Began as a Demonspawn Transmuter on Apr 17, 2019.
             Slain by an orc wizard
             ... wielding a +0 dagger
              (5 damage)
             ... on level 3 of the Dungeon.
             The game lasted 00:02:05 (1966 turns).

kae the Changer (Demonspawn Transmuter)             Turns: 1966, Time: 00:02:06

Health: -1/48      AC:  5    Str: 15    XL:     4   Next: 19%
Magic:  7/7        EV: 17    Int: 14    God:
Gold:   46         SH:  4    Dex: 20    Spells: 1/7 levels left

rFire    . . .     SeeInvis .     - Unarmed
rCold    . . .     Gourm    .   g - +0 buckler
rNeg     . . .     Faith    .   b - +1 robe
rPois    .         Spirit   .   (no helmet)
rElec    .         Reflect  .   (no cloak)
rCorr    .         Harm     .   (no gloves)
MR       .....                  (no boots)
Stlth    ..........             (no amulet)
HPRegen  0.16/turn              (no ring)
MPRegen  0.10/turn              (no ring)

@: agile, berserking (expiring), very quick
A: icy blue scales 1, powered by pain 1
a: no special abilities


You were on level 3 of the Dungeon.
You were hungry.

You visited 1 branch of the dungeon, and saw 3 of its levels.

You collected 46 gold pieces.

Inventory:

Missiles
 a - 28 arrows
Armour
 b - a +1 robe (worn)
 g - a +0 buckler (worn)
Potions
 c - a potion of brilliance
 f - a potion of ambrosia {unknown}
 h - 2 potions of degeneration
 i - a potion of heal wounds
 j - 2 potions of cancellation
Comestibles
 d - 5 rations


   Skills:
 - Level 1.0 Fighting
 - Level 1.7 Dodging
 + Level 1.0 Shields
 - Level 2.6 Unarmed Combat
 - Level 2.0 Spellcasting
 + Level 3.9 Transmutations


You had one spell level left.
You knew the following spells:

 Your Spells              Type           Power        Failure   Level  Hunger
a - Beastly Appendage     Tmut           ##....       7%          1    ##.....
b - Sticks to Snakes      Tmut           ##......     11%         2    ###....
c - Spider Form           Tmut/Pois      #.........   43%         3    ####...

Your spell library contained the following spells:

 Spells                   Type           Power        Failure   Level  Hunger
 Ice Form                 Ice/Tmut       #.......     83%         4    #####..
 Blade Hands              Tmut           ##........   88%         5    ######.


Dungeon Overview and Level Annotations

Branches:
Dungeon (3/15)

Altars:


Innate Abilities, Weirdness & Mutations

You are partially covered in icy blue scales. (AC +2)
You sometimes gain a little power by taking damage.


Message History

The orc wizard is severely wounded.
The orc wizard casts a spell at you. The magic dart hits you!
* * * LOW HITPOINT WARNING * * *
You focus on the pain.
You feel agile all of a sudden.
You punch the orc wizard!
You kill the orc wizard!
Your Shields skill increases to level 1!
You have reached level 4!
You feel agile.
You closely miss the orc wizard. The orc wizard closely misses you.
The orc priest invokes the aid of Beogh against you.
Beogh smites you!
* * * LOW HITPOINT WARNING * * *
You punch the orc wizard!
The orc wizard is heavily wounded.
The orc misses you.
The orc wizard hits you with a +0 dagger.
You die...

... .....#.............##
#....#.....#...........##
.........#.............##
.......#.#.#...........+.
.......#o#.#...........##
.....oo#.........#.......
#.......#..##.###'##......
#......o#oo##.##...#..####
#....o..#@o....+...#..#...
#.......#......#......#...
#o.. #......###.#.##... #o⌠
##.##.......#..(...
#..#######..##....#.....##..
#.........###..............
.......##### #..............
......# #..............
.....# ..............


You could see an orc priest, an orc wizard and 2 orcs.

Vanquished Creatures
  An orc wizard (D:3)
  An ooze (D:1)
  A worm (D:3)
  A leopard gecko (D:1)
  5 giant cockroaches
  4 goblins
  11 hobgoblins
  2 jackals (D:1)
  3 bats
  2 frilled lizards
  6 kobolds
  6 rats
43 creatures vanquished.

Vanquished Creatures (collateral kills)
  A ball python (D:1)
1 creature vanquished.

Grand Total: 44 creatures vanquished

Notes
Turn   | Place    | Note
-------+----------+-------------------------------------------
     0 | D:1      | kae the Demonspawn Transmuter began the quest for the Orb.
     0 | D:1      | Reached XP level 1. HP: 15/15 MP: 3/3
    48 | D:1      | Reached skill level 2 in Transmutations
   288 | D:1      | Gained mutation: You sometimes gain a little power by
                  | taking damage. [demonic ancestry]
   288 | D:1      | Reached XP level 2. HP: 15/21 MP: 5/5
   430 | D:1      | Learned a level 2 spell: Sticks to Snakes
   703 | D:1      | Reached skill level 3 in Transmutations
   932 | D:1      | Gained mutation: You are partially covered in icy blue
                  | scales. (AC +2) [demonic ancestry]
   932 | D:1      | Reached XP level 3. HP: 23/26 MP: 4/6
  1846 | D:2      | Noticed a phantom
  1949 | D:3      | Learned a level 3 spell: Spider Form
  1964 | D:3      | Reached skill level 1 in Shields
  1964 | D:3      | Reached XP level 4. HP: 13/32 MP: 7/7
  1966 | D:3      | Slain by an orc wizard

Skill      XL: |  1  2  3 |
---------------+----------+-----
Transmutations | 2 3 |  3.9
Shields        | 1 |  1.0
Fighting       | |  1.0
Dodging        | |  1.7
Unarmed Combat | |  2.6
Spellcasting   | |  2.0

Action                   |  1- 3 |  4- 6 || total
-------------------------+-------+-------++-------
Melee: Unarmed           |   164 |     2 ||   166
       Headbutt          |    11 |       ||    11
       Kick              |     5 |       ||     5
 Cast: Beastly Appendage |    16 |       ||    16
       Sticks to Snakes  |     1 |       ||     1
  Use: Scroll            |     7 |       ||     7
       Potion            |     2 |       ||     2
  Eat: Chunk             |     3 |       ||     3
Armor: Robe              |    31 |       ||    31
Dodge: Dodged            |    94 |     2 ||    96
